cohdb
Replays
Latest Replays
All Replays
Popular Replays
Top Player Replays
Match Explorer
How It Works
Community
CoH3 Stats
Reddit
Sign in to upload your games and track your stats! →
Sign in with Steam
Match 43457747
Unlisted
Match 43457747
Overview
Messages
Build Orders
End
Kettenkrad Recon Vehicle
Construct Infanterie Kompanie
Selects Terror Battlegroup
Selects Machine Gun Camouflage
MG 42 Machine Gun Team
MG 42 Machine Gun Team
Grenadier Squad
MG 42 Bunker
Construct Luftwaffe Kompanie
221 Scout Car
Selects Contempt for the Weak
MG 42 Bunker
Support Elements
Jäger Squad
Pioneer Squad
Wirbelwind Flakpanzer
Construct Panzergrenadier Kompanie
Pioneer Squad
Nebelwerfer 42 Rocket Launcher Team
StuG III G Assault Gun
Jäger Squad
Selects Propaganda Leaflet Drop
Selects V1 Rocket Strike
StuG III G Assault Gun
251 Medium Carrier
Propaganda Leaflet Drop
Wirbelwind Flakpanzer
MG 42 Machine Gun Team
Pioneer Squad
StuG III G Assault Gun
Guderian ITA
Konev
0
0
Comments
sign in to comment!
No comments posted yet!